 Seeded DCSS version 0.27-a0-1230-gfc7c993 (webtiles) character file.

Game seed: 3375557939289291370 (custom seed)

712 AmazingTV the Covert (level 7, 0/35 HPs)
             Began as a Spriggan Abyssal Knight on June 8, 2021.
             Was a Priest of Lugonu.
             Slain by a lemure (8 damage)
             ... led by Pikel
             ... on level 4 of the Dungeon.
             The game lasted 00:59:31 (8735 turns).

AmazingTV the Covert (Spriggan Abyssal Knight)      Turns: 8735, Time: 00:59:31

Health: 0/35       AC:  2    Str: 10    XL:     7   Next: 41%
Magic:  9/9        EV: 19    Int: 14    God:    Lugonu [***...]
Gold:   312        SH:  0    Dex: 14    Spells: 6/6 levels left

rFire    . . .     SeeInvis +   a - +1 dagger (distort)
rCold    . . .     Faith    .   (shield restricted)
rNeg     . . .     Spirit   .   b - +0 robe
rPois    .         Reflect  .   (helmet restricted)
rElec    .         Harm     .   (no cloak)
rCorr    .         Rampage  .   (gloves unavailable)
Will     +....                  (boots unavailable)
Stlth    ++++......             (no amulet)
HPRegen  0.11/turn              (no ring)
MPRegen  0.11/turn              (no ring)

@: very quick
A: very small, no large weapons, unfitting armour, see invisible, speed 3
a: Renounce Religion, Depart the Abyss, Bend Space, Banish


You were on level 4 of the Dungeon.
You worshipped Lugonu.
Lugonu was most pleased with you.
You visited 1 branch of the dungeon, and saw 5 of its levels.
You visited the Abyss 1 time.

You collected 312 gold pieces.

Inventory:

Hand Weapons
 a - a +1 dagger of distortion (weapon)
 e - a +0 dagger
 g - a +1 hand axe
Missiles
 f - 56 sling bullets
 h - 171 stones
 p - 8 poisoned darts
 v - 2 throwing nets (quivered)
Armour
 b - a +0 robe (worn)
Jewellery
 i - an amulet of the acrobat
 k - a ring of fire
Wands
 d - a wand of charming (7)
Scrolls
 c - 9 scrolls of identify
 j - a scroll of fog {unknown}
 l - a scroll of noise {unknown}
 m - a scroll of immolation {unknown}
 n - a scroll of blinking {unknown}
 o - a scroll of holy word {unknown}
 q - a scroll of vulnerability {unknown}
 r - a scroll of enchant armour {unknown}
 u - a scroll of amnesia {unknown}
Potions
 s - a potion of lignification {unknown}
 t - 2 potions of curing {unknown}


   Skills:
 - Level 2.4 Fighting
 + Level 5.3 Short Blades
 - Level 1.5 Axes
 + Level 5.8 Dodging
 + Level 8.0 Stealth
 - Level 1.7 Invocations


You had 6 spell levels left.
You didn't know any spells.
Your spell library contained the following spells:

 Spells                   Type           Power      Damage    Failure   Level
 Magic Dart               Conj           0%         1d3       28%         1
 Blink                    Tloc           N/A        N/A       41%         2
 Call Imp                 Summ           0%         N/A       41%         2
 Slow                     Hex            0%         N/A       41%         2
 Conjure Flame            Conj/Fire      0%         6-21      65%         3
 Mephitic Cloud           Conj/Pois/Air  0%         N/A       65%         3


Dungeon Overview and Level Annotations

Branches:
Dungeon (5/15)
 Temple: D:4-7

Altars:
Cheibriados
Qazlal
Trog
Vehumet

Shops:
D:2 [

Annotations:
D:4 Pikel


Innate Abilities, Weirdness & Mutations

You are very small and have problems with some larger weapons.
You are too small for most types of armour.
You have supernaturally acute eyesight. (SInv)
You cover ground extremely quickly. (Speed+++)


Message History

The lemure is lightly wounded.
The lemure barely misses you.
You hit the lemure.
Space bends around the lemure.
The lemure is moderately wounded.
The lemure hits you.
You hit the lemure.
The lemure is moderately wounded.
The lemure blinks!
Pikel barely misses you.
You hit Pikel.
Pikel is lightly wounded.
Pikel blinks!
The lemure closely misses you.
You closely miss the lemure. The lemure hits you.
You hit Pikel but do no damage.
Pikel is lightly wounded.
Pikel blinks!
The lemure hits you. The lemure closely misses you.
You hit the lemure.
The lemure is lightly wounded.
The lemure barely misses you.
You hit the lemure but do no damage. The lemure barely misses you. x2
You hit the lemure but do no damage.
Space bends around the lemure.
The lemure is lightly wounded.
You hit the lemure.
Space warps horribly around the lemure!
The lemure is severely wounded.
The lemure hits you. The lemure hits you but does no damage.
Pikel says, "You'll feel the lick of my whip!"
You hit the lemure but do no damage.
The lemure is severely wounded.
The lemure blinks!
The lemure hits you!
You barely miss the lemure.
The lemure is severely wounded.
The lemure hits you.
You hit the lemure.
Space bends around the lemure.
The lemure is almost dead.
The lemure hits you.
* * * LOW HITPOINT WARNING * * *
The lemure hits you!
You die...

.......# ######.#.# #....##......
##.###.###........###....##......
#....#...#.####.........).<......
#..#.###.#.# #...>.......).......
#..#.# #.#.# #....###....##......
#..#.###.#.# #.##.# #....##......
####.....#.# #....###....###.####
.....#####.#########.....#.....##
####'#####..K555@.##....##.#.#...
#.........######5##....##.#.')..
#..........#####.########.###...
#...........5....# #...+...
#.........######## #####...
###'#'##### #########... #.#.#
#......##... #.#.# #......##...
#.#+######## #......##...


You could see Pikel and 4 lemures.

Vanquished Creatures
  Grinder (D:4)
  A howler monkey (D:4)
  A jelly (D:4)
  A bullfrog zombie (D:4)
  An orc priest (D:3)
  A hound (D:4)
  2 orc wizards
  A hound skeleton (D:4)
  A howler monkey zombie (D:5)
  5 adders
  A howler monkey skeleton (D:4)
  3 worms
  3 dart slugs
  5 orcs
  5 bats
  11 endoplasms
  2 giant cockroaches
  9 goblins
  7 hobgoblins
  11 jackals
  2 quokkas (D:2)
  5 ball pythons
  7 frilled lizards
  13 kobolds
  A rat (D:1)
100 creatures vanquished.

Vanquished Creatures (collateral kills)
  A goblin (D:1)
1 creature vanquished.

Grand Total: 101 creatures vanquished

Notes
Turn   | Place    | Note
-------+----------+-------------------------------------------
     0 | Abyss:1  | AmazingTV the Spriggan Abyssal Knight began the quest for
                  | the Orb.
     0 | Abyss:1  | Reached XP level 1. HP: 11/11 MP: 3/3
   162 | Abyss:2  | Noticed a large abomination
   172 | Abyss:2  | Noticed an ancient zyme
   208 | Abyss:2  | Noticed a neqoxec
   209 | Abyss:2  | Noticed a large abomination
   213 | Abyss:2  | Noticed a worldbinder
   215 | Abyss:2  | Noticed a black mamba
   216 | D:1      | Escaped the Abyss
   853 | D:2      | Found Reesocobb's Armour Boutique.
  1172 | D:1      | Reached skill level 1 in Stealth
  2325 | D:1      | Found a faded altar of an unknown god.
  2376 | D:1      | Reached skill level 2 in Stealth
  2602 | D:1      | Reached XP level 2. HP: 9/16 MP: 4/4
  2975 | D:1      | Reached skill level 1 in Short Blades
  3730 | D:1      | Reached skill level 3 in Stealth
  3796 | D:1      | Reached * piety under Lugonu
  4015 | D:1      | Reached XP level 3. HP: 14/19 MP: 5/5
  4846 | D:1      | Reached skill level 4 in Stealth
  5151 | D:2      | Reached XP level 4. HP: 23/23 MP: 6/6
  5443 | D:2      | Reached ** piety under Lugonu
  5993 | D:3      | Reached skill level 5 in Stealth
  6000 | D:3      | Reached XP level 5. HP: 27/27 MP: 7/7
  6545 | D:3      | Found a stormy altar of Qazlal.
  6763 | D:3      | Found a radiant altar of Vehumet.
  6857 | D:4      | Reached skill level 6 in Stealth
  6983 | D:4      | Reached XP level 6. HP: 25/32 MP: 8/8
  6985 | D:4      | Reached *** piety under Lugonu
  7142 | D:4      | Noticed Grinder
  7156 | D:4      | Killed Grinder
  7157 | D:4      | Reached skill level 5 in Dodging
  7157 | D:4      | Reached skill level 7 in Stealth
  7157 | D:4      | Reached XP level 7. HP: 35/35 MP: 9/9
  7244 | D:4      | Noticed Pikel
  7699 | D:5      | Entered Level 5 of the Dungeon
  7702 | D:5      | Reached skill level 5 in Short Blades
  8076 | D:4      | Found a snail-covered altar of Cheibriados.
  8398 | D:4      | Found a bloodstained altar of Trog.
  8704 | D:4      | Reached skill level 8 in Stealth
  8735 | D:4      | Slain by a lemure

Illustrated notes

Levels and vault maps discovered:
D:1:      dpeg_arrival_three_smaller_balls, layout_rooms,
          hellmonk_ecumenical_altar_prayer_group, minmay_split_cup_large
D:2:      layout_rooms, serial_shops, nicolae_shop_crystal
D:3:      layout_basic, lemuel_coloured_pillars_altar,
          nicolae_overflow_hidden_temple
D:4:      layout_basic, trog_hazing_becter, slow_altar_1, uniq_pikel,
          uniq_grinder
D:5:      layout_gridville, amcnicky_altar_gilded

Skill      XL: |  1  2  3  4  5  6  7 |
---------------+----------------------+-----
Stealth        | 2 3 4 5 6 7 8 |  8.0
Short Blades   | 1 2 3 4 5 |  5.3
Dodging        | 4 5 |  5.8
Fighting       | |  2.4
Axes           | |  1.5
Invocations    | |  1.7

Action                   |  1- 3 |  4- 6 |  7- 9 || total
-------------------------+-------+-------+-------++-------
Melee: Dagger            |   156 |   126 |    74 ||   356
       Hand axe          |     1 |       |       ||     1
Throw: Stone             |    51 |     8 |     7 ||    66
       Throwing net      |       |       |     2 ||     2
Invok: Depart the Abyss  |     1 |       |       ||     1
       Bend Space        |       |       |     1 ||     1
Evoke: Wand              |     1 |       |       ||     1
  Use: Scroll            |     1 |       |       ||     1
 Stab: Sleeping          |     2 |    11 |     1 ||    14
       Distracted        |       |     2 |       ||     2
Armor: Robe              |    16 |     6 |     2 ||    24
Dodge: Dodged            |   105 |    68 |    45 ||   218

Table legend: (Time is in decaauts)
 A = Elapsed time spent in this place.
 B = Non-inter-level travel time spent in this place.
 C = Inter-level travel time spent in this place.
 D = Time resting spent in this place.
 E = Time spent auto-exploring this place.
 F = Levels seen in this place.
 G = Mean time per level.
                   A        B        C        D        E       F      G
               +--------+--------+--------+--------+--------+-----+--------+
         Total |   6776 |   5975 |    801 |   2830 |    836 |   7 |  968.0 |
       Dungeon |   6644 |   5843 |    801 |   2830 |    743 |   5 | 1328.8 |
         Abyss |    132 |    132 |      0 |      0 |     92 |   2 |   66.0 |
               +--------+--------+--------+--------+--------+-----+--------+

Top non-repeatable levels by time:
     D:1: 3792 daAuts
     D:4: 1125 daAuts
     D:2: 849 daAuts
     D:3: 643 daAuts
     D:5: 232 daAuts
 Abyss:2: 90 daAuts
 Abyss:1: 41 daAuts
